 Dungeon Crawl Stone Soup version 0.18.1-1-g2f07953 (webtiles) character file.

828 Eucla the Fighter (level 7, -11/68 HPs)
             Began as a Minotaur Monk on May 8, 2016.
             Was a Believer of Okawaru.
             Killed from afar by Dowan (28 damage)
             ... with a shard of ice
             ... on level 4 of the Dungeon.
             The game lasted 00:05:04 (2793 turns).

Eucla the Fighter (Minotaur Monk)                   Turns: 2793, Time: 00:05:05

Health: -11/68     AC:  9    Str: 15    XL:     7   Next: 65%
Magic:  6/6        EV:  9    Int:  7    God:    Okawaru [**....]
Gold:   192        SH:  0    Dex: 15    Spells: 0 memorised, 6 levels left

rFire  . . .     SeeInvis .       - Unarmed
rCold  . . .     Gourm    .     t - +0 chain mail
rNeg   . . .     Faith    .     (no shield)
rPois  .         Spirit   .     (helmet restricted)
rElec  .         Dismiss  .     x - -1 cloak
rCorr  .         Reflect  .     (no gloves)
SustAt .         Harm     .     A - +0 pair of boots
MR     .....                    (no amulet)
Stlth  ..........               (no ring)
                                (no ring)

@: not resistant to hostile enchantments, extremely unstealthy
A: retaliatory headbutt, horns 2
a: Heroism, Renounce Religion


You were on level 4 of the Dungeon.
You worshipped Okawaru.
Okawaru was pleased with you.
You were not hungry.

You visited 2 branches of the dungeon, and saw 5 of its levels.

You collected 192 gold pieces.

Inventory:

Armour
 a - a +0 robe
 j - a +0 scale mail
 t - a +0 chain mail (worn)
 x - a -1 cloak (worn)
 A - a +0 pair of boots (worn)
Wands
 y - a wand of polymorph (24/24)
Scrolls
 h - 3 scrolls of remove curse
 n - 2 scrolls of fog
 v - a scroll of teleportation
Potions
 c - a potion of flight {unknown}
 e - 2 potions of degeneration {unknown}
 f - a potion of mutation {unknown}
 i - a potion of curing
 k - a potion of haste {unknown}
 p - a potion of heal wounds
 q - 2 potions of cancellation {unknown}
 s - a potion of brilliance {unknown}
 z - a potion of might {unknown}
 C - a potion of ambrosia
 E - a potion of berserk rage {unknown}
Books
 w - a book of Power

   Spells                             Type                      Level
   a - Fulminant Prism                Conjuration/Hexes            4
   b - Iskenderun's Mystic Blast      Conjuration                  4
   c - Venom Bolt                     Conjuration/Poison           5
   d - Bolt of Magma                  Conjuration/Fire/Earth       5
   e - Iron Shot                      Conjuration/Earth            6
   f - Orb of Destruction             Conjuration                  7
   g - Spellforged Servitor           Conjuration/Summoning        7
Comestibles
 b - 5 bread rations
 o - 4 meat rations


   Skills:
 + Level 8.3 Fighting
 + Level 7.3 Dodging
 - Level 1.5 Stealth
 - Level 4.3 Unarmed Combat


You had 6 spell levels left.
You didn't know any spells.

Dungeon Overview and Level Annotations

Branches:
Dungeon (4/15)             Temple (1/1) D:4

Altars:
Dithmenos
Makhleb
Nemelex Xobeh
Okawaru
Trog
Vehumet
Zin
The Shining One

Shops:
D:4 [

Annotations:
D:4 Dowan


Innate Abilities, Weirdness & Mutations

You reflexively headbutt those who attack you in melee.
You have a pair of horns on your head.


Message History

Dowan is lightly wounded.
Dowan hits you but does no damage. x2
Unknown command.
You hit Dowan.
Dowan is lightly wounded.
Dowan hits you with a dagger.
Unknown command.
You hit Dowan.
Dowan is moderately wounded.
Dowan gestures at you while chanting. The shard of ice hits you!
* * * LOW HITPOINT WARNING * * *
Dowan gestures wildly while chanting.
Dowan blinks!
Dowan mumbles some strange words.
Dowan blinks!
Unknown command.
Dowan points at you and mumbles some strange words.
The shard of ice hits you!
You die...

.......##.#..............#.#
#......##.#.#.####.#####)#.#
#......##.###.####.#####.#.#####
#..e...##..(...................#
#......######.##e#.####..#.##.##
#......# #.##.#.# #..#.##.#
#......# ##.##.#.####..#.##.#
#......#####.........##.......#
#......#......##@#.####..#.##.#
#......#####..##.#.# #..#.##.#
#......# #..##.#.# #.......#
######## #..##.#.# ##.#.##.#
############..##.#.#####.#.##.#
..........................#####
#.######......§..............#
#.# #.###.§##.#.##......#.# #.#
#)# #§§##.#.##.##.#.#.#


You could see Dowan.

Vanquished Creatures
  The ghost of Eucla the Skirmisher, an amateur HOMo of Ru (D:3)
  Duvessa (D:4)
  3 ogres (D:4)
  A hound (D:4)
  Ijyb (D:3)
  Natasha (thrice) (D:2)
  5 adders
  2 oozes
  A worm (D:2)
  A dart slug (D:1)
  4 giant geckos
  2 orcs (D:4)
  3 giant cockroaches
  8 goblins
  7 hobgoblins
  3 jackals (D:2)
  5 kobolds (D:1)
  3 quokkas
  6 bats
  2 giant newts
  10 rats
72 creatures vanquished.

Notes
Turn   | Place    | Note
--------------------------------------------------------------
     0 | D:1      | Eucla the Minotaur Monk began the quest for the Orb.
     0 | D:1      | Reached XP level 1. HP: 19/19 MP: 0/0
   253 | D:1      | Reached XP level 2. HP: 27/27 MP: 1/1
   318 | D:1      | Reached skill level 4 in Fighting
   546 | D:2      | Reached XP level 3. HP: 31/34 MP: 2/2
   678 | D:2      | Noticed Natasha
   687 | D:2      | Killed Natasha
   687 | D:2      | Reached skill level 5 in Fighting
   687 | D:2      | Reached XP level 4. HP: 17/42 MP: 3/3
   980 | D:2      | Found a glowing silver altar of Zin.
   994 | D:2      | Noticed Natasha
  1003 | D:2      | Killed Natasha
  1083 | D:2      | Noticed Natasha
  1088 | D:2      | Killed Natasha
  1088 | D:2      | Reached skill level 5 in Dodging
  1088 | D:2      | Reached XP level 5. HP: 49/49 MP: 4/4
  1230 | D:2      | Found a glowing golden altar of the Shining One.
  1390 | D:3      | Noticed Ijyb
  1396 | D:3      | Killed Ijyb
  1411 | D:3      | Noticed Eucla's ghost (amateur HOMo)
  1432 | D:3      | Killed Eucla's ghost
  1432 | D:3      | Reached skill level 6 in Fighting
  1432 | D:3      | Reached XP level 6. HP: 34/58 MP: 5/5
  1553 | D:3      | Found a burning altar of Makhleb.
  1678 | D:3      | Reached skill level 7 in Fighting
  2132 | D:4      | Reached XP level 7. HP: 33/66 MP: 6/6
  2298 | D:4      | Found a staircase to the Ecumenical Temple.
  2331 | Temple   | Entered the Ecumenical Temple
  2338 | Temple   | Became a worshipper of Warmaster Okawaru
  2338 | Temple   | Reached * piety under Okawaru
  2338 | Temple   | Reached ** piety under Okawaru
  2705 | D:4      | Found Sudghos's Armour Shop.
  2721 | D:4      | Reached skill level 8 in Fighting
  2726 | D:4      | Noticed Duvessa
  2770 | D:4      | Noticed Dowan
  2771 | D:4      | Found a shadowy altar of Dithmenos.
  2779 | D:4      | Killed Duvessa
  2793 | D:4      | Killed from afar by Dowan

Skill      XL: |  1  2  3  4  5  6  7 |
---------------+----------------------+-----
Fighting       | 4 5 6 7 8 |  8.3
Dodging        | 4 5 6 7 |  7.3
Stealth        | |  1.5
Unarmed Combat | |  4.3

Action                   |  1- 3 |  4- 6 |  7- 9 || total
-------------------------+-------+-------+-------++-------
Melee: Unarmed           |    85 |   127 |    35 ||   247
       Headbutt          |    15 |    26 |    13 ||    54
       Punch             |       |     2 |       ||     2
  Use: Scroll            |       |       |    12 ||    12
  Eat: Chunk             |       |     3 |     2 ||     5
       Fruit             |       |       |     2 ||     2
       Pizza             |       |       |     2 ||     2
Armor: Robe              |     3 |       |       ||     3
       Scale mail        |    25 |       |       ||    25
       Chain mail        |       |    56 |     8 ||    64
Dodge: Dodged            |    45 |    49 |    11 ||   105
